 Dungeon Crawl Stone Soup version 0.27.0-1-g7a089689b8 (webtiles) character file.

Game seed: 15213233622600605661

67 Crazydiamond the Ruffian (level 4, -1/38 HPs)
             Began as a Naga Transmuter on Aug 16, 2021.
             Slain by an orc (3 damage)
             ... on level 2 of the Dungeon.
             The game lasted 00:02:42 (1017 turns).

Crazydiamond the Ruffian (Naga Transmuter)          Turns: 1017, Time: 00:02:43

Health: -1/38      AC:  2    Str: 13    XL:     4   Next: 16%
Magic:  5/7        EV: 10    Int: 14    God:
Gold:   34         SH:  0    Dex: 11    Spells: 7/8 levels left

rFire    . . .     SeeInvis +     - Unarmed
rCold    . . .     Faith    .   (no shield)
rNeg     . . .     Spirit   .   b - +0 robe
rPois    +         Reflect  .   (helmet currently unavailable)
rElec    .         Harm     .   (no cloak)
rCorr    .         Rampage  .   (no gloves)
Will     .....                  (no barding)
Stlth    +.........             (no amulet)
HPRegen  0.12/turn              (no ring)
MPRegen  0.10/turn              (no ring)

@: appendages (expiring), very slow
A: horns 2, AC +1, large, see invisible, deformed body, poison resistance,
slowness 2, spit poison 1, naga tail 1
a: Spit Poison, End Transformation


You were on level 2 of the Dungeon.
You had temporarily grown beastly horns.
You visited 1 branch of the dungeon, and saw 2 of its levels.

You collected 34 gold pieces.

Inventory:

Armour
 b - a +0 robe (worn)
Magical Staves
 a - a staff of earth
Scrolls
 c - a scroll of torment {unknown}
 d - a scroll of identify {unknown}
 f - a scroll of teleportation {unknown}


   Skills:
 + Level 1.0 Fighting
 + Level 1.7 Dodging
 + Level 0.4 Stealth
 + Level 4.0 Unarmed Combat
 + Level 2.6 Spellcasting
 + Level 2.3 Transmutations


You had 7 spell levels left.
You knew the following spells:

 Your Spells              Type           Power      Damage    Failure   Level
a - Beastly Appendage     Tmut           16%        N/A       9%          1

Your spell library contained the following spells:

 Spells                   Type           Power      Damage    Failure   Level
 Wereblood                Tmut           8%         N/A       13%         2
 Spider Form              Tmut/Pois      2%         N/A       38%         3
 Ice Form                 Ice/Tmut       5%         N/A       80%         4


Dungeon Overview and Level Annotations

Branches:
Dungeon (2/15)

Altars:


Innate Abilities, Weirdness & Mutations

You have temporarily grown beastly horns.
Your serpentine skin is tough. (AC +1)
You have supernaturally acute eyesight. (SInv)
Armour fits poorly on your strangely shaped body.
Your system is resistant to poisons. (rPois)
You cover ground very slowly.
You can spit poison.
You have a snake-like lower body.


Message History

The orc wizard hits you with a +0 dagger.
* * * LOW HITPOINT WARNING * * *
You closely miss the orc wizard. The orc wizard closely misses you.
It was a potion of heal wounds.
You feel much better.
The orc wizard points at you and mumbles some strange words.
The magic dart hits you!
You miss the orc wizard. The orc wizard closely misses you.
You hit the orc wizard but do no damage.
The orc wizard hits you with a +0 dagger.
You completely miss the orc wizard.
The orc wizard points at you and mumbles some strange words.
The puff of flame hits you.
* * * LOW HITPOINT WARNING * * *
You hit the orc wizard but do no damage.
The orc wizard hits you with a +0 dagger.
* * * LOW HITPOINT WARNING * * *
Press: ? - help, Shift-Dir - straight line, f/p - orc wizard
Aim: an orc wizard, wielding a +0 dagger and wearing a +0 robe (slightly transparent)
The splash of poison hits the orc wizard.
The orc wizard is poisoned.
The orc wizard is lightly wounded.
The orc wizard hits you with a +0 dagger.
* * * LOW HITPOINT WARNING * * *
You hit the orc wizard.
The orc wizard is heavily wounded.
Your transformation is almost over.
You hit the orc wizard.
The orc wizard is severely wounded.
The orc wizard hits you with a +0 dagger.
* * * LOW HITPOINT WARNING * * *
You closely miss the orc wizard. You headbutt the orc wizard.
You kill the orc wizard!
You have got your breath back.
Your Unarmed Combat skill increases to level 4!
You have reached level 4!
You feel stronger.
You barely miss the orc. The orc hits you with a +0 short sword.
* * * LOW HITPOINT WARNING * * *
You closely miss the orc. The orc hits you with a +0 short sword.
You die...

.... .....
..... ......
#.....###
........# #<#
#.#
.##.###@####.#
........o)...#
.....##.######
.... #.# ...
#.# .. ..# #
###


You could see an orc.

Vanquished Creatures
  2 orc wizards (D:2)
  A dart slug (D:1)
  An orc (D:2)
  2 endoplasms
  2 goblins (D:1)
  4 hobgoblins (D:1)
  A bat (D:1)
  2 frilled lizards (D:1)
  2 rats (D:1)
17 creatures vanquished.

Notes
Turn   | Place    | Note
-------+----------+-------------------------------------------
     0 | D:1      | Crazydiamond the Naga Transmuter began the quest for the
                  | Orb.
     0 | D:1      | Reached XP level 1. HP: 18/18 MP: 3/3
   343 | D:1      | Reached XP level 2. HP: 25/25 MP: 3/5
   833 | D:1      | Found a faded altar of an unknown god.
  1004 | D:2      | Reached XP level 3. HP: 6/31 MP: 4/6
  1015 | D:2      | Reached skill level 4 in Unarmed Combat
  1015 | D:2      | Reached XP level 4. HP: 4/38 MP: 4/7
  1017 | D:2      | Slain by an orc

Illustrated notes

Levels and vault maps discovered:
D:1:      dpeg_arrival_rooms_c, layout_basic,
          shapermc_ecumenical_altar_mp_highgroup, interstate_on_off,
          minmay_misc_feat_hallway, chequers_serial_rivers_small_3
D:2:      minmay_alternating_diamond, layout_loops_corners, basic_altar,
          minmay_misc_feat_roman, grunt_ministairs_12, uniq_natasha

Skill      XL: |  1  2  3 |
---------------+----------+-----
Unarmed Combat | 4 |  4.0
Fighting       | |  1.0
Dodging        | |  1.7
Stealth        | |  0.4
Spellcasting   | |  2.6
Transmutations | |  2.3

Action                   |  1- 3 |  4- 6 || total
-------------------------+-------+-------++-------
Melee: Unarmed           |    53 |     2 ||    55
       Headbutt          |     6 |       ||     6
       Punch             |     1 |       ||     1
 Cast: Beastly Appendage |    12 |       ||    12
 Abil: Spit Poison       |     2 |       ||     2
  Use: Potion            |     1 |       ||     1
Armor: Robe              |     1 |       ||     1
Dodge: Dodged            |    18 |       ||    18
